 Dungeon Crawl Stone Soup version 0.23-a0-49-gd9f7a49 (webtiles) character file.

21 Amnesiac the Gusty (level 2, 0/19 HPs)
             Began as a Mummy Air Elementalist on Aug 7, 2018.
             Slain by a hobgoblin
             ... wielding a +0 club
              (3 damage)
             ... on level 2 of the Dungeon.
             The game lasted 00:01:06 (308 turns).

Amnesiac the Gusty (Mummy Air Elementalist)          Turns: 308, Time: 00:01:08

Health: 0/19       AC:  5    Str: 11    XL:     2   Next: 62%
Magic:  6/6        EV: 10    Int: 14    God:
Gold:   23         SH:  0    Dex: 12    Spells: 6/7 levels left

rFire    x . .     SeeInvis .   d - +0 whip
rCold    + . .     Gourm    .   (no shield)
rNeg     + + +     Faith    .   c - +0 ring mail
rPois    ∞         Spirit   .   (no helmet)
rElec    .         Reflect  .   (no cloak)
rCorr    .         Harm     .   (no gloves)
MR       .....                  (no boots)
Stlth    +.........             (no amulet)
HPRegen  0.06/turn              (no ring)
MPRegen  0.10/turn              (no ring)

@: no status effects
A: no food or potions, fire vulnerability, cold resistance 1, negative energy
resistance 3, torment resistance, unbreathing
a: no special abilities


You were on level 2 of the Dungeon.
You were not hungry.

You visited 1 branch of the dungeon, and saw 2 of its levels.

You collected 23 gold pieces.

Inventory:

Hand Weapons
 d - a +0 whip (weapon)
Missiles
 a - 42 stones (quivered)
Armour
 c - a +0 ring mail (worn)
Scrolls
 b - a scroll of amnesia {!r, unknown}
 e - a scroll of fear {!r, unknown}


   Skills:
 - Level 1.5 Dodging
 - Level 1.5 Stealth
 + Level 3.0 Spellcasting
 - Level 0.7 Conjurations
 * Level 3.1 Air Magic


You had 6 spell levels left.
You knew the following spells:

 Your Spells              Type           Power        Failure   Level  Hunger
a - Shock                 Conj/Air       #...         24%         1    N/A

Your spell library contained the following spells:

 Spells                   Type           Power        Failure   Level  Hunger
 Lightning Bolt           Conj/Air       #.........   100%        5    N/A
 Swiftness                Chrm/Air       #.......     38%         2    N/A
 Airstrike                Air            ##........   82%         4    N/A
 Static Discharge         Conj/Air       #.......     56%         3    N/A

Dungeon Overview and Level Annotations

Branches:
Dungeon (2/15)

Altars:


Innate Abilities, Weirdness & Mutations

You do not eat or drink.
Your flesh is vulnerable to fire.
You are immune to poison.
Your flesh is cold resistant. (rC+)
You are immune to negative energy. (rN+++)
You are immune to unholy pain and torment.
You can survive without breathing.


Message History

Found a ration.
A rat comes into view.
Found a faded altar of an unknown god.
The rat misses you.
You hit the rat.
You kill the rat!
No target in view!
You see here a ration.
A rat comes into view.
A rat is nearby!
A rat is nearby!
A hobgoblin comes into view. It is wielding a club.
The hobgoblin shouts!
You hear an angry hiss. x2
A leopard gecko comes into view.
The hobgoblin hits you with a club.
A frilled lizard comes into view.
The rat bites you. The leopard gecko barely misses you.
The leopard gecko bites you.
You barely miss the leopard gecko. The leopard gecko closely misses you.
You hit the leopard gecko but do no damage.
The leopard gecko bites you.
The leopard gecko bites you but does no damage.
You closely miss the leopard gecko. The leopard gecko bites you.
* * * LOW HITPOINT WARNING * * *
You closely miss the leopard gecko. The leopard gecko barely misses you.
The leopard gecko bites you but does no damage.
You completely miss the leopard gecko. The leopard gecko misses you.
You miss the leopard gecko.
The leopard gecko bites you but does no damage.
You hit the leopard gecko.
The leopard gecko is almost dead.
The leopard gecko barely misses you.
You closely miss the leopard gecko.
The leopard gecko is almost dead.
The leopard gecko bites you but does no damage.
The leopard gecko closely misses you.
You miss the leopard gecko.
The leopard gecko is almost dead.
The leopard gecko barely misses you.
You hit the leopard gecko.
You kill the leopard gecko!
You hit the hobgoblin but do no damage. The hobgoblin hits you with a club.
* * * LOW HITPOINT WARNING * * *
You hit the hobgoblin but do no damage. The hobgoblin hits you with a club.
* * * LOW HITPOINT WARNING * * *
You barely miss the hobgoblin. The hobgoblin hits you with a club.
* * * LOW HITPOINT WARNING * * *
Unknown command.
You hit the hobgoblin.
The hobgoblin is moderately wounded.
The hobgoblin closely misses you.
Unknown command.
You closely miss the hobgoblin.
The hobgoblin is moderately wounded.
The hobgoblin barely misses you.
Unknown command.
The frilled lizard hisses.
Found a ration.
Found a stone staircase leading down.
You see here a ration.
The frilled lizard unfolds its giant frill.
A kobold comes into view. It is wielding a hand axe.
The kobold barely misses you. The hobgoblin hits you with a club.
You die...

..# #.......#.# . #.#
##.##.###..
#.##############....####.
#>..l.r...............#
#%#################...#
###.######## ####...##.#
.....r.....#######.........#
....######.##.lg.K.........#
###.# #.r..##@#.........#
#.# #######.#.####.#### #.#
#.#. .# #.# #.#. .# ..# ...
.. ## .## . ##


You could see a hobgoblin, a kobold and a frilled lizard.

Vanquished Creatures
  An adder (D:2)
  A leopard gecko (D:2)
  A giant cockroach (D:2)
  3 goblins
  A kobold (D:1)
  A bat (D:2)
  A frilled lizard (D:1)
  A rat (D:2)
10 creatures vanquished.

Notes
Turn   | Place    | Note
-------+----------+-------------------------------------------
     0 | D:1      | Amnesiac the Mummy Air Elementalist began the quest for the Orb.
     0 | D:1      | Reached XP level 1. HP: 13/13 MP: 4/4
   129 | D:2      | Reached XP level 2. HP: 17/19 MP: 5/5
   234 | D:2      | Found a faded altar of an unknown god.
   308 | D:2      | Slain by a hobgoblin

Vault maps used:
D:1:      sevenhm_arrival_forest_fort_small_3
D:2:      minmay_overflow_temple_star_quad,
          chequers_ecumenical_altar_simple_redux, first_ration,
          minmay_tetromino_i4

Skill      XL: |  1  2 |
---------------+-------+-----
Air Magic      | 3 |  3.1
Spellcasting   | 3 |  3.0
Dodging        | |  1.5
Stealth        | |  1.5
Conjurations   | |  0.7

Action                   || total
-------------------------++-------
Melee: Whip              ||    43
       Unarmed           ||     5
 Stab: Sleeping          ||     1
Armor: Ring mail         ||    18
Dodge: Dodged            ||    26

Table legend:
 A = Spawn XP
 B = Non-spawn XP
 C = Spawn XP percentage of total XP
 D = Spawn monster count
 E = Non-spawn monster count
 F = Spawn count percentage of total count
 G = Total turns spent on level
                    A         B        C        D         E        F      G
               +---------+---------+-------+---------+---------+-------+---------
         Total |       0 |      30 |   0.0 |       0 |      10 |   0.0 |   308
               +---------+---------+-------+---------+---------+-------+---------
           D:1 |       0 |       7 |   0.0 |       0 |       4 |   0.0 |   101
           D:2 |       0 |      23 |   0.0 |       0 |       6 |   0.0 |   207
               +---------+---------+-------+---------+---------+-------+---------
